 Dungeon Crawl Stone Soup version 0.21-a0-426-g98080a9 (webtiles) character file.

119 KristoblXynda the Shield-Bearer (level 4, -6/38 HPs)
             Began as a Draconian Fighter on Nov 7, 2017.
             Mangled by Crazy Yiuf
             ... wielding a +4 quarterstaff of chaos
              (15 damage)
             ... on level 2 of the Dungeon.
             The game lasted 00:02:25 (1864 turns).

KristoblXynda the Shield-Bearer (Draconian Fighter) Turns: 1864, Time: 00:02:26

Health: -6/38      AC:  5    Str: 20 (22) XL:     4   Next: 74%
Magic:  4/4        EV: 11    Int:  7 (9)  God:
Gold:   103        SH:  0    Dex:  9 (10) Spells: 3/3 levels left

rFire    . . .     SeeInvis .   a - +0 long sword
rCold    . . .     Gourm    .   b - +0 shield
rNeg     + . .     Faith    .   (armour unavailable)
rPois    .         Spirit   .   (helmet restricted)
rElec    .         Reflect  .   (no cloak)
rCorr    .         Harm     .   (no gloves)
MR       .....                  (no boots)
Stlth    +.........             (no amulet)
HPRegen  0.12/turn              l - ring of positive energy
MPRegen  0.09/turn              e - +3 ring of strength

@: confused, lethally poisoned (-6 -> -14)
A: unfitting armour, cold-blooded, AC +5
a: no special abilities


You were on level 2 of the Dungeon.
You were very hungry.

You visited 1 branch of the dungeon, and saw 2 of its levels.

You collected 103 gold pieces.

Inventory:

Hand Weapons
 a - a +0 long sword (weapon)
Armour
 b - a +0 shield (worn)
Jewellery
 e - a +3 ring of strength (right hand)
 j - an uncursed ring of magical power
 l - a ring of positive energy (left hand)
Scrolls
 f - a scroll of teleportation
 i - a scroll of fog {unknown}
 n - a scroll of remove curse {unknown}
 p - a scroll of random uselessness {unknown}
Potions
 c - a potion of might
Comestibles
 d - 2 bread rations
 o - a meat ration


   Skills:
 - Level 3.2 Fighting
 + Level 3.3 Long Blades
 + Level 3.6 Dodging
 + Level 4.0 Shields


You had 3 spell levels left.
You didn't know any spells.

Dungeon Overview and Level Annotations

Branches:
Dungeon (2/15)

Altars:
Ashenzari
Kikubaaqudgha
Qazlal
Ru

Annotations:
D:2 Crazy Yiuf


Innate Abilities, Weirdness & Mutations

Your plain brown scales are hard. (AC +5)
You cannot fit into any form of body armour.
You are cold-blooded and may be slowed by cold attacks.


Message History

You feel sick.
Crazy Yiuf glowers.
Crazy Yiuf closely misses you.
It was a potion of ambrosia.
You are confused.
You feel invigorated.
* * * LOW HITPOINT WARNING * * *
You feel sick. Crazy Yiuf closely misses you.
Unknown command.
You bump into the tree.
* * * LOW HITPOINT WARNING * * *
You feel sick.
Crazy Yiuf hits you with a quarterstaff of chaos.
* * * LOW HITPOINT WARNING * * *
You are more confused.
You bump into the stone wall.
* * * LOW HITPOINT WARNING * * *
You feel sick.
Crazy Yiuf hits you with a quarterstaff of chaos!
You die...

#####'.##..........'.........####
.#..)#.##..############......###.
.#...#.##..# #'.......##.
.....####..# ##### ##.......##.
._.######### #..)# #..........
.)...#....'# #...# #..........
.#...#.##### ... #......#...
.#...#)# #g# #......#### #####'.#
♣♣@♣ ###'#### .......# ♣.♣♣
####.# .......##### ♣♣.♣ #..#)#
......###..# ♣.♣♣ ##.#.# .....(#
#..# ♣♣.♣♣ #..#.#### ......# #..#
♣...♣♣ #.....<.# ......# #..#
♣....♣ #.......# ......# #..#
#....# #.......# .)..###
#..###....####.......#


You could see Crazy Yiuf.

Vanquished Creatures
  An orc wizard (D:2)
  5 adders (D:2)
  A worm (D:2)
  A dart slug (D:2)
  A leopard gecko (D:1)
  A ball python (D:2)
  3 giant cockroaches
  3 hobgoblins
  4 jackals (D:2)
  4 kobolds
  A quokka (D:2)
  6 bats
  2 frilled lizards
  3 goblins
  6 rats
42 creatures vanquished.

Notes
Turn   | Place    | Note
-------+----------+-------------------------------------------
     0 | D:1      | KristoblXynda the Draconian Fighter began the quest for the Orb.
     0 | D:1      | Reached XP level 1. HP: 19/19 MP: 1/1
    44 | D:1      | Found a shattered altar of Ashenzari.
   320 | D:1      | Reached XP level 2. HP: 25/26 MP: 2/2
   913 | D:2      | Reached XP level 3. HP: 16/31 MP: 3/3
  1182 | D:2      | Found a sacrificial altar of Ru.
  1201 | D:2      | Reached XP level 4. HP: 29/38 MP: 4/4
  1237 | D:2      | Found an ancient bone altar of Kikubaaqudgha.
  1339 | D:2      | Found a stormy altar of Qazlal.
  1641 | D:2      | Reached skill level 4 in Shields
  1680 | D:2      | Found a runed door.
  1751 | D:2      | Noticed Crazy Yiuf
  1861 | D:2      | HP: 1/38 [poisoned by Crazy Yiuf]
  1864 | D:2      | Mangled by Crazy Yiuf

Vault maps used:
D:1:      lemuel_arrival_rhombus, nicolae_ashenzari_panopticon
D:2:      lemuel_coloured_pillars_altar, overflow_temple_1_default,
          nicolae_ru_great_annihilating_truth, uniq_crazy_yiuf_cottage

Skill      XL: |  1  2  3  4 |
---------------+-------------+-----
Dodging        | 3 |  3.6
Long Blades    | 3 |  3.3
Shields        | 4 |  4.0
Fighting       | |  3.2

Action                   |  1- 3 |  4- 6 || total
-------------------------+-------+-------++-------
Melee: Long sword        |    78 |    63 ||   141
       Tailslap          |    10 |     4 ||    14
  Use: Potion            |     1 |     3 ||     4
       Scroll            |       |     3 ||     3
 Stab: Paralysed         |     1 |       ||     1
       Sleeping          |     1 |       ||     1
  Eat: Chunk             |     1 |     1 ||     2
Armor: Skin              |    27 |    25 ||    52
Dodge: Dodged            |    41 |    40 ||    81
Block: Shield            |    36 |    35 ||    71
       Rpst.: Long sword |    16 |    17 ||    33

Table legend:
 A = Spawn XP
 B = Non-spawn XP
 C = Spawn XP percentage of total XP
 D = Spawn monster count
 E = Non-spawn monster count
 F = Spawn count percentage of total count
 G = Total turns spent on level
                    A         B        C        D         E        F      G
               +---------+---------+-------+---------+---------+-------+---------
         Total |       0 |     171 |   0.0 |       0 |      42 |   0.0 |  1864
               +---------+---------+-------+---------+---------+-------+---------
           D:1 |       0 |      20 |   0.0 |       0 |      12 |   0.0 |   582
           D:2 |       0 |     151 |   0.0 |       0 |      30 |   0.0 |  1282
               +---------+---------+-------+---------+---------+-------+---------
